 Dungeon Sprint DCSS version 0.22-a0-617-g6d95e9e505 (webtiles) character file.

174 Elkhunter the Spear-Bearer (level 5, -3/43 HPs)
             Began as a Barachi Fighter on July 12, 2018.
             Was an Initiate of Qazlal.
             Slain by a two-headed ogre
             ... wielding a +0 giant club
              (14 damage)
             ... in the Dungeon (Sprint IX: "|||||||||||||||||||||||||||||").
             The game lasted 00:00:47 (165 turns).

Elkhunter the Spear-Bearer (Barachi Fighter)         Turns: 165, Time: 00:00:47

Health: -3/43      AC: 13    Str: 22    XL:     5   Next: 54%
Magic:  5/6        EV:  8    Int:  8    God:    Qazlal [......]
Gold:   0          SH:  9    Dex: 11    Spells: 4/4 levels left

rFire    . . .     SeeInvis .   a - +0 trident
rCold    . . .     Gourm    .   c - +0 shield
rNeg     . . .     Faith    .   r - +1 chain mail
rPois    .         Spirit   .   q - +0 helmet
rElec    .         Reflect  .   p - +0 cloak
rCorr    .         Harm     .   (no gloves)
MR       .....     NoTele   +   (no boots)
Stlth    ..........             (no amulet)
HPRegen  0.14/turn              t - +3 ring of strength
MPRegen  0.10/turn              s - +2 ring of evasion

@: slow
A: +LOS, swims, slowness 1, strong legs 1
a: Hop, Renounce Religion


You were in the Dungeon.
You worshipped Qazlal.
Qazlal was noncommittal.
You were not hungry.

You visited 1 branch

Inventory:

Hand Weapons
 a - a +0 trident (weapon)
Armour
 c - a +0 shield (worn)
 p - a +0 cloak (worn)
 q - a +0 helmet (worn)
 r - a +1 chain mail (worn)
Jewellery
 s - a +2 ring of evasion (right hand)
 t - a +3 ring of strength (left hand)
Wands
 n - a wand of iceblast (10)
Scrolls
 k - 2 scrolls of blinking
 l - 3 scrolls of remove curse
 m - 2 scrolls of amnesia
Potions
 d - a potion of might
 e - 5 potions of curing
 g - 3 potions of heal wounds
 h - a potion of haste
 i - 4 potions of magic
 j - a potion of invisibility
Comestibles
 f - a ration


   Skills:
 + Level 4.6 Fighting
 + Level 9.9 Polearms
 + Level 4.4 Armour
 + Level 0.6 Dodging
 + Level 4.2 Shields
 * Level 1.8 Invocations


You had 4 spell levels left.
You didn't know any spells.
Your spell library was empty.

Dungeon Overview and Level Annotations

Branches:
Dungeon (1/1)

Altars:
Cheibriados
Dithmenos
Elyvilon
Fedhas
Gozag
Hepliaklqana
Kikubaaqudgha
Makhleb
Nemelex Xobeh
Okawaru
Qazlal
Ru
Sif Muna
Trog
Uskayaw
Vehumet
Wu Jian
Xom
Yredelemnul
Zin
The Shining One
Beogh
Jiyva
Lugonu


Innate Abilities, Weirdness & Mutations

Shadows flee at your approach. (+LOS)
You can swim through water.
You cover ground slowly.
You can hop short distances.


Message History

You hit the two-headed ogre.
The two-headed ogre is lightly wounded.
The two-headed ogre hits you but does no damage.
The two-headed ogre hits you with a giant spiked club.
You hit the two-headed ogre.
The two-headed ogre is lightly wounded.
The two-headed ogre hits you with a giant club.
The two-headed ogre hits you with a giant spiked club!!
* * * LOW HITPOINT WARNING * * *
You puncture the two-headed ogre!
The two-headed ogre is moderately wounded.
You hit the two-headed ogre.
The two-headed ogre is moderately wounded.
The two-headed ogre hits you but does no damage.
The two-headed ogre misses you.
You puncture the two-headed ogre!
The two-headed ogre is heavily wounded.
You block the two-headed ogre's attack.
The two-headed ogre hits you with a giant spiked club!
You die...

▓.▓
▓.▓
▓|▓
▓)▓
▓.▓
▓.▓
▓.▓
▓.▓
▓@▓
▓O▓
▓J▓
▓F▓
▓F▓
▓.▓
▓.▓
▓.▓
▓+▓


You could see a two-headed ogre, 2 bullfrogs and a jelly.

Vanquished Creatures
  2 scorpions (D)
  A hound (D)
  A worker ant (D)
  An adder (D)
  An adder skeleton (D)
  A dart slug (D)
  A bat (D)
  A giant cockroach (D)
  A goblin (D)
  2 frilled lizards (D)
12 creatures vanquished.

Vanquished Creatures (others)
  A spatial maelstrom (D)
1 creature vanquished.

Grand Total: 13 creatures vanquished

Notes
Turn   | Place    | Note
-------+----------+-------------------------------------------
     0 | D        | Elkhunter the Barachi Fighter began the quest for the Orb.
     0 | D        | Reached XP level 1. HP: 18/18 MP: 1/1
     5 | D        | Banished a spatial maelstrom
     8 | D        | Reached skill level 3 in Polearms
    13 | D        | Reached skill level 4 in Polearms
    15 | D        | Reached XP level 2. HP: 24/24 MP: 2/2
    22 | D        | Noticed a scorpion
    25 | D        | Killed a scorpion
    25 | D        | Reached skill level 7 in Polearms
    25 | D        | Reached XP level 3. HP: 29/29 MP: 3/3
    25 | D        | Reached XP level 4. HP: 36/36 MP: 4/4
    31 | D        | Reached skill level 8 in Polearms
    36 | D        | Reached skill level 9 in Polearms
    36 | D        | Reached XP level 5. HP: 41/41 MP: 5/5
    80 | D        | Found a roughly hewn altar of Beogh.
    80 | D        | Found a snail-covered altar of Cheibriados.
    80 | D        | Found a shadowy altar of Dithmenos.
    80 | D        | Found a white marble altar of Elyvilon.
    80 | D        | Found a blossoming altar of Fedhas.
    80 | D        | Found an opulent altar of Gozag.
    80 | D        | Found a hazy altar of Hepliaklqana.
    81 | D        | Found a viscous altar of Jiyva.
    82 | D        | Found an ancient bone altar of Kikubaaqudgha.
    83 | D        | Found a corrupted altar of Lugonu.
    84 | D        | Found a burning altar of Makhleb.
    85 | D        | Found a sparkling altar of Nemelex Xobeh.
    86 | D        | Found an iron altar of Okawaru.
    87 | D        | Found a stormy altar of Qazlal.
    88 | D        | Found a sacrificial altar of Ru.
    89 | D        | Found a deep blue altar of Sif Muna.
    90 | D        | Found a bloodstained altar of Trog.
    91 | D        | Found a hide-covered altar of Uskayaw.
    92 | D        | Found a radiant altar of Vehumet.
    93 | D        | Found an ornate altar of the Wu Jian Council.
    94 | D        | Found a shimmering altar of Xom.
    95 | D        | Found a basalt altar of Yredelemnul.
    96 | D        | Became a worshipper of Qazlal Stormbringer
    97 | D        | Found a glowing silver altar of Zin.
    98 | D        | Found a glowing golden altar of the Shining One.
   151 | D        | Noticed a two-headed ogre
   158 | D        | Reached skill level 1 in Invocations
   165 | D        | Slain by a two-headed ogre

Vault maps used:
D:        linesprint

Skill      XL: |  1  2  3  4  5 |
---------------+----------------+-----
Polearms       | 4 7 9 |  9.9
Fighting       | 4 |  4.6
Armour         | 4 |  4.4
Shields        | 4 |  4.2
Invocations    | 1 |  1.8
Dodging        | |  0.6

Action                   |  1- 3 |  4- 6 || total
-------------------------+-------+-------++-------
Melee: Trident           |    14 |    24 ||    38
  Use: Potion            |     1 |       ||     1
Armor: Scale mail        |     6 |     1 ||     7
       Chain mail        |       |     5 ||     5
Dodge: Dodged            |     1 |     3 ||     4
Block: Shield            |     6 |     5 ||    11

Table legend:
 A = Spawn XP
 B = Non-spawn XP
 C = Spawn XP percentage of total XP
 D = Spawn monster count
 E = Non-spawn monster count
 F = Spawn count percentage of total count
 G = Total turns spent on level
                    A         B        C        D         E        F      G
               +---------+---------+-------+---------+---------+-------+---------
         Total |       0 |     249 |   0.0 |       0 |      12 |   0.0 |   165
               +---------+---------+-------+---------+---------+-------+---------
             D |       0 |     249 |   0.0 |       0 |      12 |   0.0 |   165
               +---------+---------+-------+---------+---------+-------+---------
